 Dungeon Crawl Stone Soup version 0.31.0-11-ge490571c62 (webtiles) character file.

Game seed: 4522073842440494050

42 qw the Shooter (level 3, 0/20 HPs)
             Began as a Deep Elf Hunter on Feb 4, 2024.
             Killed from afar by Sigmund (8 damage)
             ... with a magic dart
             ... on level 2 of the Dungeon.
             The game lasted 00:00:03 (1073 turns).

qw the Shooter (Deep Elf Hunter)                    Turns: 1073, Time: 00:00:04

Health: 0/20       AC:  3    Str: 10    XL:     3   Next: 33%
Magic:  5/5        EV: 12    Int: 13    God:
Gold:   49         SH:  0    Dex: 18    Spells: 2/2 levels left

rFire   . . .        a - +0 shortbow
rCold   . . .        (shield currently unavailable)
rNeg    . . .        c - +0 leather armour
rPois   .            (no helmet)
rElec   .            (no cloak)
rCorr   .            (no gloves)
SInv    .            (no boots)
Will    .....        (no amulet)
Stlth   +            (no ring)
HPRegen 0.23/turn    (no ring)
MPRegen 0.09/turn

%: no passive effects
@: confused, attractive
A: no striking features
a: no special abilities


You were on level 2 of the Dungeon.
You visited 1 branch of the dungeon, and saw 2 of its levels.

You collected 49 gold pieces.


   Skills:
 - Level 1.5 Fighting
 + Level 6.9 Ranged Weapons
 - Level 2.4 Dodging
 - Level 1.2 Stealth


You had 2 spell levels left.
You didn't know any spells.
Your spell library was empty.

Inventory:

Hand Weapons
 a - a +0 shortbow (weapon)
Armour
 c - a +0 leather armour (worn)
Scrolls
 b - a scroll of blinking {unknown}
Potions
 d - a potion of attraction
 e - a potion of curing {unknown}
 f - 2 potions of haste {unknown}

Dungeon Overview and Level Annotations

Branches:
Dungeon (2/15)

Altars:

Annotations:
D:2 Sigmund


Message History

Sigmund misses you.
You shoot an arrow. The arrow hits Sigmund.
Sigmund is severely wounded.
Sigmund closely misses you.
You shoot an arrow. The arrow barely misses Sigmund.
You shoot an arrow. The arrow closely misses Sigmund.
Sigmund gestures at you while chanting.
You are confused.
1064 ||| DRINKING 2 sedimented inky potions.
It was a potion of attraction.
You feel attractive to monsters.
Sigmund casts a spell.
Sigmund flickers and vanishes!
Deactivating autopickup; reactivate with Ctrl-A.
Something is attracted toward you.
You shoot an arrow.
You hear some strange, mumbled words.
You are more confused.
Something hits you.
You shoot an arrow. You shoot an arrow. Something hits you but does no damage.
You shoot an arrow.
You hear some strange, mumbled words.
You are more confused.
You shoot an arrow. Something hits you.
You shoot an arrow. You shoot an arrow.
You hear some strange, mumbled words.
A magic dart appears from out of thin air!
The magic dart hits you.
You shoot an arrow.
You hear some strange, mumbled words.
Something tries to affect you, but you resist.
You shoot an arrow.
You hear some strange, mumbled words.
A magic dart appears from out of thin air!
The magic dart hits you!
You die...

#.##.......# #.##.##.####
####.......# .....##.####
.....##...# .....####.######
...............#######..
......###.####.#.{......
....#.###.# #.#@# #..# #..
....#..##.# #.#.#####..# #.#
#####..##.####.#........# #.#
#...............#.###..##...#
##.##..####..........#.<.. #.#
.........)............>.####.####
.#.#...#######...###......##.#...
...............................##
##.#...#######...###.##.####.....


There were no monsters in sight!

Vanquished Creatures
  An adder (D:2)
  3 dart slugs
  4 bats (D:1)
  An endoplasm (D:1)
  A giant cockroach (D:1)
  4 goblins
  3 hobgoblins (D:1)
  A frilled lizard (D:1)
  6 kobolds (D:1)
  3 rats
27 creatures vanquished.

Notes
Turn   | Place    | Note
-------+----------+-------------------------------------------
     0 | D:1      | qw the Deep Elf Hunter began the quest for the Orb.
     0 | D:1      | Reached XP level 1. HP: 12/12 MP: 3/3
     0 | D:1      | 0 ||| qw: Version: 0.3-a-160-g6735b56
     0 | D:1      | 0 ||| qw: Game counter: 5037
     0 | D:1      | 0 ||| qw: Melee chars always use a shield: true
     0 | D:1      | 0 ||| qw: God list: Okawaru
     0 | D:1      | 0 ||| qw: Allow faded altars: false
     0 | D:1      | 0 ||| qw: Do Orc after clearing Dungeon:15 true
     0 | D:1      | 0 ||| qw: Do second Lair branch before Depths: true
     0 | D:1      | 0 ||| qw: Lair rune preference: random
     0 | D:1      | 0 ||| qw: Goals: Normal
     0 | D:1      | 0 ||| PLANNING D:1-11
   186 | D:1      | Reached XP level 2. HP: 16/16 MP: 4/4
   221 | D:1      | Reached skill level 6 in Ranged Weapons
   632 | D:1      | 632 ||| READING scroll labelled DUEZIF WORUOXT.
   637 | D:1      | 637 ||| READING scroll labelled SAT EHITSE.
   638 | D:1      | 638 ||| READING scroll labelled QINOAL HOCLUPH.
   639 | D:1      | 639 ||| READING scroll labelled HAGAMU ZEJESE.
   740 | D:1      | 740 ||| DROPPING scroll of butterflies.
   831 | D:2      | Reached XP level 3. HP: 20/20 MP: 5/5
  1055 | D:2      | Noticed Sigmund
  1064 | D:2      | 1064 ||| DRINKING 2 sedimented inky potions.
  1073 | D:2      | Killed from afar by Sigmund

Levels and vault maps discovered:
D:1:      roderic_chinese_lattice_arrival, layout_loops_cross, st_stairs_2
D:2:      layout_basic, hellmonk_ecumenical_altar_pennies_from_heaven,
          uniq_robin, uniq_sigmund

Skill      XL: |  1  2 |
---------------+-------+-----
Ranged Weapons | 6 |  6.9
Fighting       | |  1.5
Dodging        | |  2.4
Stealth        | |  1.2

Action                     || total
---------------------------++-------
   Fire: Shortbow          ||    91
    Use: Scroll            ||     4
         Potion            ||     1
 Armour: Leather armour    ||    21
  Dodge: Dodged            ||    21

Table legend:
 A = Non-vault XP
 B = Vault XP
 C = Vault XP percentage of total XP
 D = Non-vault monster count
 E = Vault monster count
 F = Vault count percentage of total count
                 A         B        C        D         E       F
            +---------+---------+-------+---------+---------+-------
      Total |      55 |       5 |   8.3 |      23 |       4 |  14.8
            +---------+---------+-------+---------+---------+-------
        D:1 |      35 |       5 |  12.5 |      19 |       4 |  17.4
        D:2 |      20 |       0 |   0.0 |       4 |       0 |   0.0
            +---------+---------+-------+---------+---------+-------
